[Event "Clutch Chess International"]
[Site "Saint Louis"]
[Date "2020.06.08"]
[Round "1.11"]
[White "Xiong, Jeffery"]
[Black "Carlsen, Magnus"]
[Result "1/2-1/2"]
[ECO "B33"]
[WhiteElo "2730"]
[BlackElo "2881"]
[Annotator "ChessBase"]
[PlyCount "145"]
[EventDate "2020.06.05"]
[EventType "k.o."]
[EventCountry "USA"]
[SourceTitle "playchess.com"]
[Source "ChessBase"]
[SourceQuality "1"]
[TimeControl "600+5"]

1. e4 c5 2. Nf3 Nc6 3. d4 cxd4 4. Nxd4 Nf6 5. Nc3 e5 6. Ndb5 d6 7. Bg5 a6 8. Na3 b5 9. Bxf6 gxf6 10. Nd5 Bg7 11. Bd3 Ne7 12. Nxe7 Qxe7 13. c4 f5 14. O-O O-O 15. Qh5 d5 16. cxd5 Qd8 17. exf5 Qxd5 18. Rad1 e4 19. Bxb5 Qxf5 20. Qxf5 Bxf5 21. Bd7 Bxd7 22. Rxd7 Bxb2 23. Nc4 Bg7 24. Rfd1 Rac8 25. Ne3 Rc5 26. g4 Ra5 27. R1d2 Bh6 28. Re7 Bxe3 29. fxe3 Rg5 30. Rxe4 f5 31. Ra4 Rxg4+ 32. Rxg4+ fxg4 33. Rd4 h5 34. Rd5 Rf3 35. Rxh5 Rxe3 36. Rg5+ Kh7 37. Rxg4 Ra3 38. Rg2 a5 39. Kf1 a4 40. Ke1 Rh3 41. Kd2 Ra3 42. Kc1 Rh3 43. Kb2 Kh6 44. Rg3 Rxh2+ 45. Ka3 Kh5 46. Rg8 Rd2 47. Ra8 Kg5 48. Rxa4 Kf5 49. Rc4 Ke5 50. Kb3 Kd6 51. a4 Kd7 52. Kb4 Rb2+ 53. Ka5 Rb1 54. Ka6 Rb2 55. a5 Rb1 56. Ka7 Rb5 57. a6 Rb1 58. Rh4 Kc7 59. Rh7+ Kc8 60. Rb7 Rh1 61. Rb2 Rc1 62. Rh2 Rb1 63. Rh6 Kc7 64. Rh7+ Kc8 65. Rb7 Rh1 66. Ka8 Ra1 67. Rb6 Kc7 68. Rh6 Rb1 69. Rh7+ Kc8 70. Rh8+ Kc7 71. Rh7+ Kc8 72. Rh8+ Kc7 73. Rh7+ 1/2-1/2